[Event "*** Titled Tuesday Blitz"]
[Site "Chess.com"]
[Date "2020.01.07"]
[Round "2"]
[White "Ray_Yang"]
[Black "TypeThreeWaffles"]
[Result "1/2-1/2"]
[WhiteElo "2262"]
[BlackElo "2493"]
[TimeControl "180+2"]
[EndTime "13:27:03 PST"]
[Termination "Game drawn by agreement"]

1. d4 d5 2. a3 Nf6 3. Nf3 c5 4. dxc5 Nc6 5. e3 e5 6. b4 e4 7. Nd4 a5 8. Bb5 Bd7 9. Bxc6 bxc6 10. c3 Ng4 11. h3 Ne5 12. O-O Qh4 13. f4 Nd3 14.
Bd2 g5 15. Be1 Qh6 16. Bg3 Bxh3 17. gxh3 Qxh3 18. Bh2 gxf4 19. Kh1 Rg8 20. Qe2 f3 21. Nxf3 exf3 22. Rxf3 Qg4 23. Nd2 Bg7 24. Rg1 Qh5 25.
Qxd3 axb4 26. cxb4 O-O-O 27. Qf5+ Qxf5 28. Rxf5 Bh6 29. Rxg8 Rxg8 30. Rxf7 Bxe3 31. Nf1 Bc1 32. Rc7+ Kd8 33.
Rxc6 Bxa3 34. Rd6+ Ke7 35. Rxd5 Bxb4 36. c6 Rc8 37. c7 Ke6 38. Rd1 Ba5 39. Ne3 Bxc7 40. Rc1 Kd7 41. Nd5 Bd8 42. Rd1 Ke6 43. Nf4+ Kf5 44.
Nd5 Bg5 45. Bf4 Rd8 46. Ne3+ Kxf4 47. Rxd8 Bxd8 48. Ng2+ Kg3 49. Ne1 Bg5 50. Ng2 Kf2 51. Ne1 Kxe1 52. Kg2 Ke2 53. Kh1 Kf3 54. Kg1 Kg3 55.
Kh1 1/2-1/2

[Event "*** Titled Tuesday Blitz"]
[Site "Chess.com"]
[Date "2020.01.07"]
[Round "2"]
[White "JustaTrickstar"]
[Black "1e41-0"]
[Result "1/2-1/2"]
[WhiteElo "2740"]
[BlackElo "2544"]
[TimeControl "180+2"]
[EndTime "13:27:08 PST"]
[Termination "Game drawn by repetition"]

1. c4 e5 2. Nc3 Bb4 3. Nd5 Bc5 4.
b4 Bf8 5. Bb2 c6 6. Ne3 Bxb4 7.
Bxe5 Nf6 8. Nf3 O-O 9. g3 d5 10.
Bg2 Nbd7 11. Bb2 Nc5 12. O-O dxc4 13. Nxc4 Be6 14. a3 Bxc4 15. axb4 Ne6 16. d3 Bb5 17. Qb3 Re8 18. Rfe1 Qd5 19. Qc3 Qh5 20. h3 Nd5 21. Qc1 Nxb4 22. g4 Qc5 23. Qd2 a5 24. Bc3 b6 25. d4 Qd6 26. Ne5 Rad8 27. e3 c5 28. Rad1 Ba4 29. Ra1 Bb5 30. Rad1 f6 31. Nf3 Nd3 32. Rf1 cxd4 33. Nxd4 Nxd4 34. Bxd4 Ne5 35. Rfe1 Nd3 36. Re2 Nb4 37. Ree1 Kh8 38. Qb2 Qe6 39. Bc3 Bc6 40. Bxb4 Bxg2 41. Kxg2 Qe4+ 42. f3 Qxb4 43. Qxb4 axb4 44. Rxd8 Rxd8 45. Rb1 Rd3 46. Rxb4 Rxe3 47. Rxb6 h6 48. h4 h5 49. g5 fxg5 50. hxg5 Kg8 51. Rb7 Kh7 52. Rb6 Kg8 53. Kg3 Kf7 54. Rc6 Rb3 55.
Ra6 Rc3 56. Kg2 Rb3 57. f4 Rc3 58. f5 Rc5 59. Ra7+ Kf8 60. Ra8+ Kf7 61. Ra7+ Kf8 62. Ra8+ Ke7 63. Ra7+ Kf8 1/2-1/2

[Event "*** Titled Tuesday Blitz"]
[Site "Chess.com"]
[Date "2020.01.07"]
[Round "2"]
[White "MathiasWomacka"]
[Black "lucasran"]
[Result "0-1"]
[WhiteElo "2336"]
[BlackElo "2665"]
[TimeControl "180+2"]
[EndTime "13:27:08 PST"]
[Termination "lucasran won by resignation"]

1. e4 c6 2. d4 d5 3. Nd2 dxe4 4. Nxe4 Bf5 5. Ng3 Bg6 6. h4 h6 7. Nf3 Nd7 8. h5 Bh7 9. Bd3 Bxd3 10. Qxd3 e6 11. Bd2 Ngf6 12. O-O-O a5 13. Kb1 Bb4 14. c3 Be7 15. Ne4 Nxe4 16. Qxe4 Nf6 17. Qe2 a4 18. Ne5 Qd5 19. c4 Qe4+ 20. Qxe4 Nxe4 21. Be3 Bf6 22.
g4 Nd6 23. b3 Ke7 24. Kb2 Ra6 25. f4 Rha8 26. Kc3 axb3 27. axb3 Ra2 28. Kd3 Rb2 29. Rb1 Raa2 30. Nf3 Ke8 31. Bd2 b5 32. Rxb2 Rxb2 33.
Kc3 Ra2 34. g5 Ne4+ 35. Kd3 Nf2+ 36. Ke3 Nxh1 37. gxf6 gxf6 38. cxb5 cxb5 39. d5 Ng3 40. dxe6 fxe6 41. Bc3 Kf7 42. Nd4 Nf5+ 43. Nxf5 exf5 44. Kd4 Ra8 45. Kc5 Rc8+ 46. Kb4 Ke6 47. Bd4 Rb8 48.
Kc5 Rb7 49. b4 Rd7 50. Bb2 Rd5+ 51. Kc6 Rd2 52. Ba1 Rh2 53. Kxb5 Rxh5 54. Kc6 Rh4 55. b5 Rxf4 56. b6 Rc4+ 57. Kb5 Rc1 58. Bd4 Rb1+ 59.
Kc6 Rc1+ 60. Bc5 Rxc5+ 61. Kxc5 Kd7 62. Kd5 h5 63. Kd4 Kc6 64. Ke3 Kxb6 65. Kf4 h4 66. Kxf5 h3 0-1

[Event "*** Titled Tuesday Blitz"]
[Site "Chess.com"]
[Date "2020.01.07"]
[Round "2"]
[White "RitvarsReimanis"]
[Black "Gordima"]
[Result "1-0"]
[WhiteElo "2576"]
[BlackElo "2799"]
[TimeControl "180+2"]
[EndTime "13:27:09 PST"]
[Termination "RitvarsReimanis won by resignation"]

1. d4 d5 2. c4 e6 3. Nf3 Nf6 4. Nc3 Bb4 5. cxd5 exd5 6. Qc2 c6 7. Bg5 Be6 8. e3 Nbd7 9. Bd3 Be7 10. O-O O-O 11.
Rab1 a5 12. a3 Re8 13. b4 axb4 14. axb4 h6 15. Bh4 b5 16. Bg3 Nb6 17. Ne5 Qc8 18.
e4 Qb7 19. exd5 Nbxd5 20. Nxd5 Bxd5 21. f3 Ra2 22. Qd1 Qa7 23. Rf2 Ra3 24. Bf1 Ra8 25.
Re2 Bf8 26. Bf2 Qb6 27. Reb2 Ra2 28. Nd3 Rxb2 29. Rxb2 Ra3 30. Nc5 Qa7 31. Rb1 Ra2 32. Be3 Bd6 33. Bd3 Qb8 34. h3 Bf4 35. Bf2 Bg3 36.
Be3 Bf4 37. Bf2 Qa7 38. Ne4 Nd7 39. Bf1 Nb6 40. Nc3 Ra3 41. Qc2 Qd7 42. Re1 g6 43. Ne4 Ra2 44. Nf6+ Kg7 45. Nxd7 Rxc2 46. Nxb6 Be6 47.
d5 cxd5 48. Bxb5 Bd2 49. Rd1 Rb2 50. Bd4+ 1-0

[Event "*** Titled Tuesday Blitz"]
[Site "Chess.com"]
[Date "2020.01.07"]
[Round "2"]
[White "fish7728"]
[Black "Alohamora11"]
[Result "1/2-1/2"]
[WhiteElo "2125"]
[BlackElo "2414"]
[TimeControl "180+2"]
[EndTime "13:27:13 PST"]
[Termination "Game drawn - insufficient material"]

1. d4 Nf6 2. c4 c5 3. d5 e6 4.
Nc3 exd5 5. cxd5 d6 6. e4 g6 7. h3 Bg7 8. Nf3 O-O 9. Bd3 b5 10. Nxb5 Re8 11. O-O Nxe4 12. Re1 a6 13. Na3 Nf6 14.
Rxe8+ Nxe8 15. Nc4 Nd7 16. Bf4 Nb6 17. Nxb6 Qxb6 18.
Rb1 Bb7 19. Bc4 Nc7 20. Qd2 Re8 21. b3 a5 22. Re1 Rxe1+ 23. Qxe1 Bf8 24. Qe4 Qb4 25. Bg5 a4 26. Be7 Nxd5 27. Bxf8 Kxf8 28. Qh4 axb3 29. axb3 h5 30. Qd8+ Kg7 31. Qxd6 Qb6 32.
Qe5+ Qf6 33. Qb8 Bc6 34. Ne5 Ne7 35. Qc7 Bd5 36. Nd7 Qc6 37. Qd8 Bxc4 38. bxc4 Ng8 39. Qf8+ Kh8 40. Ne5 Qf6 41. Nxf7+ Kh7 42. Qe8 Kg7 43. Nd8 Qa1+ 44. Kh2 Qf6 45. Qd7+ Qe7 46. Qxe7+ Nxe7 47. Ne6+ Kf6 48. Nxc5 Ke5 49. Nd3+ Kd4 50. Nf4 Kxc4 51. g4 hxg4 52. hxg4 Kd4 53. Kg3 Ke5 54.
Nd3+ Kf6 55. f4 g5 56. f5 Nxf5+ 57. gxf5 Kxf5 58. Nf2 g4 59. Nxg4 1/2-1/2

[Event "*** Titled Tuesday Blitz"]
[Site "Chess.com"]
[Date "2020.01.07"]
[Round "2"]
[White "NikolaMa2000"]
[Black "FrenchMonster2002"]
[Result "1-0"]
[WhiteElo "2046"]
[BlackElo "2358"]
[TimeControl "180+2"]
[EndTime "13:27:13 PST"]
[Termination "NikolaMa2000 won by resignation"]

1. d4 Nf6 2. c4 g6 3. Nf3 Bg7 4. Nc3 O-O 5. e4 d6 6. Be2 Na6 7. O-O e5 8. Be3 c6 9. c5 Ng4 10. Bg5 f6 11. Bh4 dxc5 12. Qb3+ Kh8 13. dxe5 Qc7 14.
exf6 Bxf6 15. Bg3 Qg7 16. h3 Ne5 17. Rad1 Nxf3+ 18. Bxf3 Bd4 19. Rd2 Bxh3 20. Ne2 Bc8 21. Nxd4 cxd4 22. e5 Nc5 23. Qb4 Ne6 24. Rfd1 c5 25.
Qc4 Rb8 26. Bd5 b5 27. Qe2 Nf4 28. Bxf4 Rxf4 29. g3 Rf5 30. f4 Qe7 31. Be4 Rh5 32. Bg2 a5 33. Kf2 Bf5 34. Bf3 Rh2+ 35. Bg2 Bh3 36.
Rg1 Qb7 37. Qf3 Qxf3+ 38. Kxf3 Bxg2+ 39. Rgxg2 Rxg2 40. Kxg2 Kg7 41. Kf3 Kf7 42. Ke4 Ke6 43. g4 Rf8 44. Rc2 Rc8 45. f5+ gxf5+ 46. gxf5+ Kf7 47.
e6+ Kf6 48. Rh2 Rc7 49. Rh6+ Kg5 50. Rh2 a4 51. Ke5 d3 52. Rg2+ Kh6 53. f6 c4 54. f7 Rc8 55. e7 a3 56. f8=Q+ 1-0

[Event "*** Titled Tuesday Blitz"]
[Site "Chess.com"]
[Date "2020.01.07"]
[Round "2"]
[White "j2806"]
[Black "Caisachess"]
[Result "0-1"]
[WhiteElo "1843"]
[BlackElo "2369"]
[TimeControl "180+2"]
[EndTime "13:27:13 PST"]
[Termination "Caisachess won by resignation"]

1. e4 e5 2. Nf3 Nc6 3. Bb5 f5 4. d3 fxe4 5. dxe4 Nf6 6. Nbd2 Bc5 7. O-O O-O 8. Qe2 Kh8 9. Nb3 Bb6 10. Be3 d6 11. h3 Qe8 12. Kh2 Qg6 13. Bxb6 axb6 14. Bd3 Nh5 15. g3 Be6 16. a3 h6 17. Rae1 Qf7 18. Nbd2 Qd7 19. Ng1 Nf6 20. c3 g5 21.
Bc4 Rf7 22. Bxe6 Qxe6 23. Ngf3 Raf8 24. Kg2 Ne7 25. Ng1 Ng6 26. Qc4 Qd7 27. Ngf3 Nh5 28.
Rh1 b5 29. Qb3 Kg7 30. Qd1 Qe6 31. Ref1 Nf6 32. Qe2 c6 33. Qd1 d5 34. exd5 cxd5 35.
Qe1 Nh5 36. Qd1 e4 37. Nd4 Nhf4+ 38. gxf4 Nxf4+ 39. Kg3 Qe5 40. Qg4 Nd3+ 41. Kg2 Rxf2+ 42. Rxf2 Rxf2+ 43. Kg1 Rxd2 44. Qd7+ Kg6 45. Qg4 Qf4 46.
Qxf4 gxf4 47. Kf1 Rd1+ 48. Kg2 f3+ 49. Kh2 Rd2+ 50. Kg1 Rxb2 51. Rh2 Rxh2 52. Kxh2 Ne5 53. Kg3 Kf6 54. Nxb5 e3 55. Nd4 e2 56. Kf2 Nd3+ 57. Kxf3 e1=Q 0-1

[Event "*** Titled Tuesday Blitz"]
[Site "Chess.com"]
[Date "2020.01.07"]
[Round "2"]
[White "TwentyHoursADay"]
[Black "HouseOfDurin"]
[Result "1-0"]
[WhiteElo "2417"]
[BlackElo "2101"]
[TimeControl "180+2"]
[EndTime "13:27:15 PST"]
[Termination "TwentyHoursADay won by checkmate"]

1. c4 c5 2. g3 Nc6 3. Bg2 g6 4. Nc3 Bg7 5. Nf3 e5 6. a3 Nge7 7. b4 cxb4 8. axb4 Nxb4 9. Ba3 Nbc6 10. Ne4 O-O 11. Nd6 e4 12. Nxe4 Bxa1 13. Qxa1 f5 14. Nd6 Qa5 15. Qb2 Qb6 16. Qc3 Qb1+ 17. Bc1 Qb4 18.
Qd3 Qc5 19. Bb2 Rf7 20. Nxf7 Kxf7 21. Qc3 d5 22. Qg7+ Ke8 23. cxd5 Qxd5 24. O-O Qf7 25. Qh8+ Qg8 26. Qf6 Qf7 27. Qd6 Be6 28. Ng5 Rd8 29.
Qxe6 Qxe6 30. Nxe6 Rxd2 31. Bc3 Rxe2 32. Nf4 Rc2 33.
Ba1 a5 34. Rb1 Nb4 35. Bxb7 Ra2 36. Bc3 Kd7 37. Bxb4 axb4 38. Rxb4 Ra1+ 39. Kg2 Ra7 40. Bf3 Rc7 41. Rd4+ Ke8 42. Ne6 Rc2 43. h4 Rb2 44.
Rd8+ Kf7 45. Ng5+ Kg7 46. Rd7 Kf8 47. Nxh7+ Ke8 48. Ra7 Rd2 49. Ng5 Rd4 50. Be2 f4 51. Bb5+ Kf8 52. Ne6+ Kf7 53. Nxd4 fxg3 54. fxg3 Kf6 55.
Rxe7 Kxe7 56. g4 Kf6 57. Kf3 Kg7 58. Kf4 Kh6 59. Ke5 Kg7 60. g5 Kh7 61. Kf6 Kg8 62.
Kxg6 Kh8 63. h5 Kg8 64. h6 Kh8 65. Kf6 Kg8 66. g6 Kh8 67. Nf5 Kg8 68. Ne7+ Kh8 69.
g7+ Kh7 70. g8=Q+ Kxh6 71. Qg6# 1-0

[Event "*** Titled Tuesday Blitz"]
[Site "Chess.com"]
[Date "2020.01.07"]
[Round "2"]
[White "hansen"]
[Black "riconaipe"]
[Result "1/2-1/2"]
[WhiteElo "2876"]
[BlackElo "2591"]
[TimeControl "180+2"]
[EndTime "13:27:17 PST"]
[Termination "Game drawn by agreement"]

1. e4 c6 2. Nc3 d5 3. Nf3 dxe4 4.
Nxe4 Nf6 5. Qe2 Nxe4 6. Qxe4 Qd5 7. Qe3 Qe6 8. b3 Qxe3+ 9. fxe3 Bf5 10. c4 Nd7 11. d4 Nf6 12. Be2 e6 13. O-O Bd6 14.
h3 O-O 15. Nh4 Be4 16. Bd2 Rfe8 17. Nf3 Bxf3 18. gxf3 e5 19. dxe5 Bxe5 20. Rad1 Rad8 21. Bc1 Bc7 22. Kg2 Bb6 23. Rxd8 Rxd8 24. Rd1 Rxd1 25. Bxd1 Nd7 26. b4 a5 27. c5 Bc7 28. a3 axb4 29.
axb4 b6 30. cxb6 Nxb6 31. e4 Bd6 32. f4 Bxb4 33. e5 c5 34. Kf3 Kf8 35. Ke4 Ke7 36. f5 f6 37. Bf4 Nc4 38. exf6+ gxf6 39. Kd5 Ne5 40. Be2 Ba3 41. h4 Bb4 42. h5 Ba3 43. h6 c4 44. Bh5 c3 45. Bxe5 fxe5 46. Bd1 Kf6 47. Bc2 Bb2 48. Kc4 Ba1 49. Kd5 Bb2 50. Be4 Bc1 51. Kc4 Bd2 52. Kb3 Bxh6 53. Kxc3 Kg5 54. Kd3 Bf8 55. f6 h5 56. f7 h4 57. Ke3 h3 58. Kf3 Kf6 59. Kg3 Kxf7 60. Kxh3 Kf6 61. Kg4 Be7 1/2-1/2

[Event "*** Titled Tuesday Blitz"]
[Site "Chess.com"]
[Date "2020.01.07"]
[Round "2"]
[White "Alex_Molchanov"]
[Black "TigrVShlyape"]
[Result "1-0"]
[WhiteElo "2583"]
[BlackElo "2803"]
[TimeControl "180+2"]
[EndTime "13:27:18 PST"]
[Termination "Alex_Molchanov won by resignation"]

1. d4 Nf6 2. Nf3 g6 3. g3 Bg7 4.
Bg2 O-O 5. O-O d6 6. c4 Nc6 7. Nc3 a5 8. Bf4 a4 9. Rc1 a3 10. b3 Nb4 11. Qd2 c6 12. e4 Qa5 13. e5 dxe5 14. Bxe5 Bf5 15. Nh4 Be6 16. f4 Rfd8 17.
Qe2 Bg4 18. Bf3 Bxf3 19. Nxf3 Ne8 20. f5 Nd3 21. Qxd3 Bxe5 22. b4 Qc7 23. fxg6 hxg6 24.
Rcd1 Bg7 25. Ne4 Nf6 26. Nc5 Qc8 27. Qe2 b6 28. Nd3 Qc7 29. Nde5 Rf8 30. Ng5 Rad8 31. g4 Qc8 32. Ngxf7 Rxf7 33. g5 Rff8 34. Nxg6 Rde8 35.
Nxf8 Rxf8 36. gxf6 Bxf6 37. Kh1 Qh3 38. Qg2+ Qxg2+ 39. Kxg2 Rd8 40. d5 cxd5 41. Rxd5 Rc8 42. Rf4 Kf7 43. Re4 Rg8+ 44. Kf2 Rh8 45. Kg2 Rg8+ 46. Kf1 Rh8 47. Rd2 Rh3 48. Rc2 Bb2 49. c5 bxc5 50.
bxc5 Rh8 51. c6 Rc8 52. h4 e5 53. h5 Rc7 54. Rb4 Ke6 55. Rb7 Kd6 56. Rxc7 Kxc7 57. Ke2 e4 58. Ke3 1-0

[Event "*** Titled Tuesday Blitz"]
[Site "Chess.com"]
[Date "2020.01.07"]
[Round "2"]
[White "chessbia"]
[Black "ChessyInstinct"]
[Result "0-1"]
[WhiteElo "2183"]
[BlackElo "2444"]
[TimeControl "180+2"]
[EndTime "13:27:19 PST"]
[Termination "ChessyInstinct won by resignation"]

1. Nf3 d5 2. e3 c6 3. c4 Nf6 4. b3 e6 5. Bb2 Nbd7 6. Nc3 Bd6 7.
Be2 b6 8. O-O O-O 9. Rc1 Bb7 10.
Qc2 Rc8 11. Qb1 Qe7 12. h3 Ba3 13. Bxa3 Qxa3 14. d4 Qe7 15. Bd3 c5 16. cxd5 exd5 17. Ne2 h6 18. Ng3 Ne4 19. Ne2 Rfe8 20. Bb5 a6 21. Bd3 Nf8 22. Nf4 g5 23. Ne2 Ng6 24. Bxe4 dxe4 25. Nh2 h5 26. Rfd1 cxd4 27. Nxd4 Rxc1 28.
Rxc1 Ne5 29. Nf1 Nd3 30. Rc3 Qf6 31. Qc2 Kh7 32. Rc7 Bd5 33. Ng3 h4 34. Nf1 Rg8 35.
Nh2 Qd6 36. Ra7 Kh8 37. Ng4 Qg6 38. Qc3 Qg7 39. Rd7 Ba8 40. a3 Nc5 41. Ra7 Bd5 42. b4 Ne6 43. Rxf7 Qxf7 44. Nxe6+ Kh7 45. Nf6+ Kg6 46.
Nxg8 Bxe6 47. Qe5 Qxg8 48. Qxe4+ Bf5 49. Qd4 Qe6 50. Kh2 Qf6 51. Qc4 b5 52. Qc7 Qe6 53.
Qa7 Qd6+ 54. Kg1 Be4 55. Qd4 Qxd4 56. exd4 Kf5 57. f3 Bd5 58. Kf2 Kf4 59. Ke2 Kg3 60.
Ke1 Kxg2 0-1

[Event "*** Titled Tuesday Blitz"]
[Site "Chess.com"]
[Date "2020.01.07"]
[Round "2"]
[White "nurgyulsalimova"]
[Black "2165149677570"]
[Result "1-0"]
[WhiteElo "2608"]
[BlackElo "2283"]
[TimeControl "180+2"]
[EndTime "13:27:20 PST"]
[Termination "nurgyulsalimova won by resignation"]

1. c4 c5 2. Nf3 Nc6 3. g3 g6 4.
Bg2 Bg7 5. O-O e5 6. Nc3 Nge7 7.
d3 O-O 8. a3 d6 9. Rb1 a5 10. Bd2 h6 11. Ne1 Be6 12. Nc2 Qd7 13. b4 axb4 14. axb4 cxb4 15. Nxb4 Nxb4 16. Rxb4 d5 17.
cxd5 Nxd5 18. Nxd5 Bxd5 19. Bxd5 Qxd5 20. Qb3 Qxb3 21.
Rxb3 Ra2 22. Rd1 Rb8 23. Rb5 Kf8 24. Kf1 Ke7 25. Be3 Kd7 26. Rdb1 Kc6 27. Rb6+ Kc7 28. Rc1+ Kd7 29. Bc5 Ra6 30. Rb5 Rc6 31. Rcb1 Kc8 32.
Ba7 Ra8 33. Rxb7 Rc7 34. Rxc7+ Kxc7 35. Bb6+ Kd6 36. Rc1 Ra2 37. f3 h5 38. Be3 Rb2 39. Rc8 Ra2 40. Rg8 Bf6 41. Rf8 Ke6 42. h4 Be7 43. Rc8 Rb2 44. Rc6+ Kd7 45. Rc4 Ke6 46. Kf2 Ra2 47. d4 exd4 48. Rxd4 f5 49. Rc4 Kf7 50. Bc5 Bxc5+ 51. Rxc5 Ra6 52. Ke3 Ra3+ 53. Kf4 Ra2 54. e3 Ra3 55. Rc7+ Kg8 56. Kg5 Rxe3 57. Kxg6 Kf8 58. Rf7+ Kg8 59. Rxf5 1-0

[Event "*** Titled Tuesday Blitz"]
[Site "Chess.com"]
[Date "2020.01.07"]
[Round "2"]
[White "joejan"]
[Black "FelixJoseYnojosa"]
[Result "0-1"]
[WhiteElo "2138"]
[BlackElo "2651"]
[TimeControl "180+2"]
[EndTime "13:27:24 PST"]
[Termination "FelixJoseYnojosa won on time"]

1. e4 c5 2. Nc3 Nc6 3. f4 e6 4.
Nf3 d5 5. Bb5 Nf6 6. d3 Bd7 7.
O-O a6 8. Bxc6 Bxc6 9. Ne5 Qc7 10. Nxc6 Qxc6 11. f5 dxe4 12. fxe6 fxe6 13. dxe4 Bd6 14.
Qe2 Be5 15. Bf4 Bd4+ 16. Kh1 e5 17. Bg5 Bxc3 18. Bxf6 gxf6 19. bxc3 O-O-O 20. Rf3 Rd6 21. Rd3 Rhd8 22. Rad1 b5 23. Qf3 c4 24. Rd5 Kc7 25. h3 Kb6 26. R1d2 Ka5 27. Qd1 Rxd5 28.
exd5 Qc5 29. Qf3 Rd6 30. Qe4 h5 31. Kh2 Qa3 32. Qh7 Qc5 33. Qf7 e4 34. Qxh5 Qe3 35.
Qe2 Qf4+ 36. g3 Qe5 37. Rd4 Rxd5 38. Rxe4 Qxc3 39. Re3 Qb2 40. Qe1+ b4 41. a3 Ka4 42.
axb4 Qxb4 43. Qa1+ Kb5 44. Re6 Qd2+ 45. Kh1 Qd1+ 46. Qxd1 Rxd1+ 47. Kg2 Rd2+ 48. Kf3 a5 49.
Re2 Rd5 50. g4 a4 51. c3 a3 52. h4 Ka4 53. h5 Kb3 54. h6 a2 55. Re1 Kxc3 56.
Kf4 Kb2 57. Re2+ Kb3 58. Re1 c3 59. h7 Rd8 60. Rd1 Rh8 0-1

[Event "*** Titled Tuesday Blitz"]
[Site "Chess.com"]
[Date "2020.01.07"]
[Round "2"]
[White "ExploringChess"]
[Black "Alexander_Moskalenko"]
[Result "1-0"]
[WhiteElo "2580"]
[BlackElo "2803"]
[TimeControl "180+2"]
[EndTime "13:27:25 PST"]
[Termination "ExploringChess won on time"]

1. e4 g6 2. d4 Bg7 3. Nf3 d6 4. h3 Nf6 5. Nc3 O-O 6. Be3 c6 7. Bd3 b5 8. Ne2 Nbd7 9. Ng3 Bb7 10. c3 e5 11. O-O Qc7 12. a4 a6 13. Qd2 Rfe8 14. Bh6 d5 15. Bxg7 Kxg7 16. Rfe1 dxe4 17. Bxe4 exd4 18. cxd4 Rad8 19. axb5 cxb5 20. Bxb7 Qxb7 21. Qg5 Qb6 22. Nf5+ Kh8 23. Nh6 Kg7 24. Ne5 Rf8 25.
Nf5+ Kh8 26. Nh6 Kg7 27. h4 Rde8 28. Ra3 Re6 29. Rae3 Nxe5 30. dxe5 Ng8 31. Nf5+ Kh8 32. h5 Qd8 33. Qxd8 Rxd8 34. hxg6 fxg6 35. Nd6 Kg7 36. b4 Ne7 37. Rc1 h5 38. Rc7 Kg8 39. Rc5 Kg7 40.
Rg3 Rd7 41. f4 Rdxd6 42. exd6 Rxd6 43. f5 h4 44. Rg4 Kf7 45. fxg6+ Nxg6 46. Rf5+ Kg7 47.
Re4 Kh6 48. Kh2 Kg7 49. Kh3 Rf6 50. Kg4 Rc6 51. Kh5 Rc8 52. Re6 Rh8+ 53. Kg5 Nf8 54.
Re7+ Kg8 55. Rff7 Ne6+ 56. Kf5 Nd4+ 57. Kg6 1-0

[Event "*** Titled Tuesday Blitz"]
[Site "Chess.com"]
[Date "2020.01.07"]
[Round "2"]
[White "Zq1"]
[Black "Rhinos1"]
[Result "1-0"]
[WhiteElo "2525"]
[BlackElo "2133"]
[TimeControl "180+2"]
[EndTime "13:27:25 PST"]
[Termination "Zq1 won by checkmate"]

1. d4 f5 2. Nf3 Nf6 3. Bg5 g6 4.
Bxf6 exf6 5. e3 Bg7 6. Bc4 d5 7. Bb3 c6 8. c4 Be6 9. cxd5 Bxd5 10. Nc3 O-O 11. Nxd5 cxd5 12. Rc1 Nc6 13. Rc5 Ne7 14. O-O Rc8 15. Qd3 b6 16. Rxc8 Qxc8 17. h4 Qd7 18. Rc1 Rc8 19. Rc3 Rxc3 20. Qxc3 h6 21. Ne1 g5 22.
Nd3 Kh7 23. h5 Nc8 24. a4 Ne7 25. a5 Qb5 26. axb6 axb6 27. Bc2 Qa6 28. Qc7 Qc8 29. Qxc8 Nxc8 30. Bb3 Ne7 31. Nb4 Bf8 32. Bxd5 Nc8 33. Nd3 Nd6 34. f3 Nb5 35. Bc6 Nc7 36. Bd7 Kg7 37.
Bxf5 Nd5 38. Kf2 Bd6 39. Ke2 Nb4 40. Nc1 Nc6 41. g4 Kf7 42. Be4 Na5 43. Bd5+ Ke7 44. Nd3 Bc7 45. b4 Kd6 46. bxa5 Kxd5 47. axb6 Bxb6 48.
Nf2 Bxd4 49. exd4 Kxd4 50. Ne4 Ke5 51. Ng3 Kf4 52. Nf5 Ke5 53. Ke3 Kd5 54. Nxh6 Ke5 55. Nf7+ Ke6 56. Nxg5+ fxg5 57. Ke4 Kf6 58. Kd5 Kg7 59. Ke6 Kh6 60. Kf6 Kh7 61. Kxg5 Kg8 62. Kg6 Kh8 63. f4 Kg8 64. f5 Kh8 65. Kf7 Kh7 66.
g5 Kh8 67. f6 Kh7 68. Ke7 Kg8 69. g6 Kh8 70. f7 Kg7 71. f8=Q# 1-0

[Event "*** Titled Tuesday Blitz"]
[Site "Chess.com"]
[Date "2020.01.07"]
[Round "2"]
[White "Federtiu"]
[Black "Atakishiyev04"]
[Result "0-1"]
[WhiteElo "2511"]
[BlackElo "2725"]
[TimeControl "180+2"]
[EndTime "13:27:29 PST"]
[Termination "Atakishiyev04 won by resignation"]

1. e4 e5 2. Bc4 Nf6 3. d3 c6 4. Nf3 d5 5. Bb3 Bd6 6. Nc3 d4 7. Ne2 O-O 8. O-O c5 9. Ng3 Nc6 10. Bg5 h6 11. Bh4 Be7 12. Qd2 Be6 13. Bxf6 Bxf6 14.
Qe2 Qd7 15. Nh5 Be7 16. Ba4 Bg4 17. Ng3 f6 18. h3 Be6 19. Nh4 a6 20. Bb3 Kh7 21.
Ngf5 Rg8 22. Qh5 Bf8 23. Qg6+ Kh8 24. Nxh6 Bxb3 25. N4f5 Qe8 26. Qxe8 Rxe8 27. Nxg8 Bxg8 28. b3 g6 29. Ng3 Kg7 30. Ne2 Nb4 31. Rfc1 Rd8 32.
a3 Nc6 33. g3 Kf7 34. Kg2 Bh6 35. f4 Ke7 36. Kf3 Be6 37. Rh1 b5 38. a4 bxa4 39.
Rxa4 Nb4 40. h4 Bd7 41. Ra5 Nxc2 42. h5 gxh5 43. Rxh5 Ne1+ 44. Kf2 Nxd3+ 45. Kf1 Bg7 46. Rxa6 Bb5 47. Ra7+ Kf8 48. Rh7 Bd7 49. f5 Kg8 50. Rh5 Nb4 51. g4 Bc6 52. g5 Bxe4 53. g6 d3 54. Nc3 d2 55. Rh7 Bf8 56. g7 d1=Q+ 57. Nxd1 Rxd1+ 58. Ke2 Be7 59. Kxd1 Kxh7 60. Rxe7 Bxf5 61.
Kd2 Nc6 62. Rf7 Nd4 63. Rxf6 Kxg7 64. Rxf5 Nxf5 0-1

[Event "*** Titled Tuesday Blitz"]
[Site "Chess.com"]
[Date "2020.01.07"]
[Round "2"]
[White "SHIVACalypso"]
[Black "Borsuk_Konstantin"]
[Result "0-1"]
[WhiteElo "2231"]
[BlackElo "2486"]
[TimeControl "180+2"]
[EndTime "13:27:30 PST"]
[Termination "Borsuk_Konstantin won by resignation"]

1. Nf3 b6 2. g3 Bb7 3. Bg2 Nf6 4.
O-O e6 5. c4 Be7 6. Nc3 O-O 7. d4 Ne4 8. Nxe4 Bxe4 9. Bf4 d6 10.
Nd2 Bxg2 11. Kxg2 Nd7 12. Nf3 f5 13. Qd2 Qe8 14. h4 h6 15. b4 Nf6 16. Rac1 Ne4 17. Qc2 Qf7 18. Nd2 Nf6 19. c5 Nd5 20. cxd6 cxd6 21.
Qb3 g5 22. hxg5 hxg5 23. e4 fxe4 24. Be3 Qf5 25. Qc2 Nxb4 26. Qxe4 Rac8 27. g4 Qd5 28. Qxd5 Nxd5 29. Ne4 Nf4+ 30. Bxf4 gxf4 31. f3 d5 32. Nf2 Rc4 33. Rxc4 dxc4 34. Rc1 b5 35. Ne4 Rc8 36. Kf2 Kf7 37. Ke2 b4 38. Nd2 c3 39.
Nb3 Rh8 40. a3 Rh2+ 41. Kd3 Rb2 42. Kc4 bxa3 43. Rxc3 a2 44. Na1 Rb1 45. Nc2 a1=Q 46. Nxa1 Rxa1 47. Rb3 Ra3 48. Rb7 a5 49. d5 exd5+ 50.
Kxd5 Rxf3 51. Ke4 Rf1 52. g5 Re1+ 53. Kf5 f3 54. g6+ Kg7 55. Rb2 a4 56. Rf2 a3 57.
Rxf3 a2 58. Rf2 a1=Q 59. Kg4 Qd4+ 60. Rf4 Rg1+ 0-1

[Event "*** Titled Tuesday Blitz"]
[Site "Chess.com"]
[Date "2020.01.07"]
[Round "2"]
[White "SavelievAlexei"]
[Black "francyIM"]
[Result "1-0"]
[WhiteElo "2306"]
[BlackElo "2601"]
[TimeControl "180+2"]
[EndTime "13:27:32 PST"]
[Termination "SavelievAlexei won by resignation"]

1. e4 e5 2. Nf3 Nc6 3. Bc4 Bc5 4. c3 Nf6 5. d4 exd4 6. e5 d5 7. Bb5 Ne4 8. cxd4 Bb4+ 9. Bd2 Nxd2 10. Nbxd2 O-O 11. h3 f6 12. O-O Ne7 13. Bd3 c6 14. Qc2 f5 15. a3 Ba5 16. b4 Bb6 17. Nb3 h6 18. a4 a6 19. Nc5 a5 20. b5 cxb5 21.
Bxb5 f4 22. e6 Bxc5 23. Qxc5 Bxe6 24. Rfe1 Rf6 25. Ra2 Rc8 26. Qa3 Nc6 27. Rae2 Bf5 28. Qb3 Kh7 29. Bd3 Qd7 30. Bxf5+ Qxf5 31. Qxb7 Rb8 32.
Qc7 Rb4 33. Re8 Nxd4 34. Nxd4 Rxd4 35. Qd8 Re4 36. Rh8+ Kg6 37. Rd1 Re5 38. Re8 f3 39.
Rxe5 Qxe5 40. Qxd5 Qxd5 41. Rxd5 Rf5 42. Rd6+ Kh7 43.
Ra6 fxg2 44. Kxg2 g5 45. Kg3 Kg7 46. f3 Kf7 47. Rxh6 Rf4 48. h4 Rf5 49. Kg4 Rf4+ 50. Kg3 Rf5 51. hxg5 Rxg5+ 52. Kf2 Rc5 53. Ra6 Ke7 54.
Kg3 Kd7 55. f4 Kc7 56. Kg4 Kb7 57. Rd6 Rc4 58. Kg5 Rxa4 59. f5 Ra1 60. f6 Rg1+ 61. Kf5 Rf1+ 62. Ke6 Re1+ 63. Kd7 Rf1 64. Ke7 a4 65. f7 Re1+ 66. Re6 1-0

[Event "*** Titled Tuesday Blitz"]
[Site "Chess.com"]
[Date "2020.01.07"]
[Round "2"]
[White "AleksanderHnydiuk"]
[Black "FredyMatsuura"]
[Result "0-1"]
[WhiteElo "2427"]
[BlackElo "2234"]
[TimeControl "180+2"]
[EndTime "13:27:42 PST"]
[Termination "FredyMatsuura won on time"]

1. Nf3 Nf6 2. c4 e6 3. g3 a6 4. Bg2 b5 5. b3 Bb7 6. Nc3 b4 7.
Na4 c5 8. O-O d6 9. a3 a5 10. d4 cxd4 11. Nxd4 Bxg2 12. Kxg2 Qc7 13. axb4 axb4 14. f3 d5 15. Bg5 dxc4 16. Bxf6 gxf6 17.
bxc4 Be7 18. Nb5 Qc6 19. Qd4 O-O 20. Nb2 Nd7 21. Nd3 f5 22. Rxa8 Rxa8 23. Rb1 Ra4 24. Kf1 b3 25. Rxb3 Rxc4 26. Qe3 Bf6 27. Na3 Rc3 28.
Rxc3 Qxc3 29. Qa7 Ne5 30. Nxe5 Bxe5 31. Nb5 Qc1+ 32. Kf2 Qb2 33. Qb7 Kg7 34. Qb6 h5 35. Qc5 Bf6 36. Qc4 h4 37. gxh4 Qe5 38. Kg2 Qe3 39.
h5 Qg5+ 40. Kf1 Qxh5 41. Kg2 Qg5+ 42. Kf1 Qh5 43. Kg2 Be5 44. h3 Qg5+ 45. Kf1 Qg3 46. h4 Qh3+ 47. Ke1 Bg3+ 48. Kd1 Bxh4 49. Nd6 Be7 50.
Ne8+ Kg6 51. Qc7 Qf1+ 52. Kd2 Bg5+ 53. Kc2 Qc1+ 54. Kb3 Qe3+ 55. Ka4 Qxe2 56. Nd6 Qd1+ 57. Ka3 Qa1+ 58. Kb3 Qb1+ 59. Ka4 Qa1+ 60. Kb5 Qf6 61. Qd7 Qe5+ 0-1